[Event "ICC tourney 2021 (75 10)"]
[Site "Internet Chess Club"]
[Date "2020.09.26"]
[Round "2"]
[White "shrey16ultimate"]
[Black "Ethan-Wood"]
[Result "1-0"]
[ICCResult "Black checkmated"]
[WhiteElo "1610"]
[BlackElo "1362"]
[Opening "Queen's pawn: London system"]
[ECO "A45"]
[NIC "QP.07"]
[Time "16:35:04"]
[TimeControl "4500+10"]

1. d4 Nf6 2. Bf4 d5 3. e3 Bf5 4. c4 c6 5. Nc3 g6 6. Nf3 Qb6 7. Qb3 Nbd7 8.
c5 Qa5 9. Qxb7 Qd8 10. Qxc6 Bg7 11. Qc7 O-O 12. Qxd8 Rfxd8 13. Bb5 Nh5 14.
Bg3 Nxg3 15. hxg3 a6 16. Ba4 Nf6 17. Bb3 e6 18. O-O Ne4 19. Nxe4 Bxe4 20.
Ne1 g5 21. Bc2 e5 22. Rd1 exd4 23. exd4 Re8 24. f3 Bxc2 25. Nxc2 Re2 26. Rf2
Rae8 27. Rd2 R2e6 28. Kf1 g4 29. f4 Rb8 30. b3 Rh6 31. Rfe2 Bf6 32. Ne3 Rh1+
33. Kf2 Rb4 34. Nc2 Rb7 35. Re8+ Kg7 36. Ra8 h5 37. Ne3 Kg6 38. Rxa6 h4 39.
Nxd5 h3 40. Nxf6 Kf5 41. Re2 Ra7 42. Re5+ Kg6 43. Rg5+ Kh6 44. Nxg4+ Kh7 45.
Rh6# {Black checkmated} 1-0

[Event "ICC tourney 2021 (75 10)"]
[Site "Internet Chess Club"]
[Date "2020.09.26"]
[Round "2"]
[White "bbrockva"]
[Black "siddharthr"]
[Result "0-1"]
[ICCResult "White resigns"]
[WhiteElo "1489"]
[BlackElo "1694"]
[Opening "QGD semi-Slav"]
[ECO "D43"]
[NIC "SL.03"]
[Time "16:35:04"]
[TimeControl "4500+10"]

1. d4 d5 2. c4 c6 3. Nf3 Nf6 4. Nc3 e6 5. Qd3 Be7 6. Bf4 O-O 7. e3 Nbd7 8.
Be2 Nb6 9. Rc1 dxc4 10. Qc2 Bb4 11. O-O Nfd5 12. Bg3 Nxc3 13. bxc3 Bd6 14.
Ne5 Qc7 15. Nxc4 Bxg3 16. hxg3 Nxc4 17. Bxc4 b5 18. Bd3 h6 19. c4 Qb6 20.
cxb5 cxb5 21. Qe2 a6 22. Rc5 Bb7 23. Rfc1 Rac8 24. Qc2 Rxc5 25. Qxc5 Qxc5
26. Rxc5 Rc8 27. Rxc8+ Bxc8 28. Kf1 Kf8 29. Ke2 Ke7 30. e4 Bb7 31. f3 Kd6
32. Kd2 Kc6 33. Kc3 Kb6 34. Kb3 Ka5 35. a3 Kb6 36. Kc3 g6 37. Kb3 f5 38. e5
Kc6 39. Kc3 Kd5 40. g4 Bc8 41. gxf5 gxf5 42. Bc2 Kc6 43. Bb3 Kd7 44. Kb4 Kc6
45. Ka5 h5 46. f4 h4 47. Kb4 Kd7 48. Kc5 Bb7 49. a4 Bxg2 50. axb5 axb5 51.
Kxb5 h3 {White resigns} 0-1

[Event "ICC tourney 2021 (75 10)"]
[Site "Internet Chess Club"]
[Date "2020.09.26"]
[Round "2"]
[White "chess278"]
[Black "doudou2011"]
[Result "1/2-1/2"]
[ICCResult "Game drawn by mutual agreement"]
[WhiteElo "1517"]
[BlackElo "1400"]
[Opening "Santasiere's folly"]
[ECO "A06"]
[NIC "QP.09"]
[Time "16:35:24"]
[TimeControl "4500+10"]

1. Nf3 d5 2. b4 e6 3. Bb2 Nf6 4. b5 Be7 5. e3 O-O 6. Be2 c5 7. c4 Nbd7 8.
O-O b6 9. d3 Bb7 10. Nbd2 Rc8 11. Qb3 Qc7 12. a4 e5 13. cxd5 Bxd5 14. Nc4
Rfd8 15. e4 Bxc4 16. Qxc4 Qd6 17. Qc3 Ne8 18. Qc4 Bf6 19. Rac1 Nc7 20. Rfd1
Ne6 21. g3 Rc7 22. Qb3 Rdc8 23. Rc4 Nd4 24. Nxd4 exd4 25. f4 Be7 26. Bf3 Kh8
27. Re1 g5 28. Bc1 Qe6 29. Qd1 gxf4 30. Bxf4 Bd6 31. Bg4 Qf6 32. Bxd7 Rxd7
33. e5 Qf5 34. exd6 Rg8 35. Qf3 f6 36. Kh1 Rxd6 37. Qe4 Qxe4+ 38. Rxe4 Rd7
39. Re6 Kg7 40. Kg2 Kf7 41. Re2 Rgd8 42. Rc1 Rc8 43. Kf3 Kg6 44. h3 Kf5 45.
g4+ Kg6 46. Re6 Kf7 47. Re2 Kg6 48. Rc4 Rcd8 49. Rc1 Rc8 50. Rc4
{Game drawn by mutual agreement}
1/2-1/2

[Event "ICC tourney 2021 (75 10)"]
[Site "Internet Chess Club"]
[Date "2020.09.26"]
[Round "2"]
[White "kgeisenman32"]
[Black "Liopleuradon15"]
[Result "1-0"]
[ICCResult "Black checkmated"]
[WhiteElo "1410"]
[BlackElo "1512"]
[Opening "Grünfeld with Bf4 & e3"]
[ECO "D93"]
[NIC "QP.03"]
[Time "16:35:01"]
[TimeControl "4500+10"]

1. d4 Nf6 2. Nf3 g6 3. Bf4 Bg7 4. e3 d5 5. c4 O-O 6. Nc3 c6 7. Bd3 dxc4 8.
Bxc4 Nbd7 9. h3 Nb6 10. Bd3 Nfd5 11. Nxd5 Nxd5 12. Bg3 f5 13. O-O f4 14.
exf4 Nxf4 15. Bc4+ e6 16. Re1 Nd5 17. Be5 Bxe5 18. Rxe5 b5 19. Bb3 Bd7 20.
Qd2 Nf4 21. Ng5 Qf6 22. Rae1 Rae8 23. Qe3 Nd5 24. Qe2 Nf4 25. Qe4 Nd5 26. f3
Kg7 27. Qg4 h5 28. Qe4 Nf4 29. h4 a5 30. a3 Nd5 31. Bxd5 exd5 32. Re7+ Kg8
33. Qe5 Rxe7 34. Qxe7 Qxd4+ 35. Re3 Rf4 36. Qh7+ Kf8 37. Qh6+ Kg8 38. Qxg6+
Kf8 39. Nh7# {Black checkmated} 1-0

[Event "ICC tourney 2021 (75 10)"]
[Site "Internet Chess Club"]
[Date "2020.09.26"]
[Round "2"]
[White "Electryon"]
[Black "erickh32"]
[Result "1-0"]
[ICCResult "Black checkmated"]
[WhiteElo "1405"]
[BlackElo "1363"]
[Opening "Queen's pawn: London system"]
[ECO "A45"]
[NIC "QP.07"]
[Time "16:35:03"]
[TimeControl "4500+10"]

1. d4 Nf6 2. Bf4 g6 3. c3 Bg7 4. e3 O-O 5. Nd2 d6 6. Ngf3 Nbd7 7. Bc4 Re8 8.
Ng5 e6 9. O-O Nh5 10. Nh3 Ndf6 11. Bg5 e5 12. Bxf6 Nxf6 13. dxe5 Bxh3 14.
exf6 Bxg2 15. Kxg2 Qxf6 16. Qf3 Qg5+ 17. Qg3 Qe7 18. Rg1 Rad8 19. Bb3 b5 20.
Nf3 c5 21. Bd5 h6 22. Qxg6 Qf8 23. Kh1 Kh8 24. Qf5 Re7 25. Rg2 Be5 26. Nxe5
Rxe5 27. Qf6+ Kh7 28. Qxf7+ Qxf7 29. Bxf7 Rg5 30. Rag1 Rxg2 31. Rxg2 d5 32.
Be6 d4 33. exd4 cxd4 34. cxd4 Rxd4 35. f3 Rd1+ 36. Rg1 Rd2 37. Rb1 a5 38. f4
b4 39. a3 h5 40. axb4 axb4 41. b3 Kg7 42. f5 Kf6 43. Rg1 h4 44. h3 Rf2 45.
Rg2 Rf3 46. Kh2 Ke5 47. Rg4 Rf2+ 48. Kg1 Rb2 49. Rxh4 Rb1+ 50. Kf2 Rb2+ 51.
Ke3 Rh2 52. Kd3 Kf6 53. Kc4 Kg5 54. Rh8 Rg2 55. Kxb4 Rg4+ 56. Kc5 Rg3 57.
h4+ Kf6 58. b4 Rc3+ 59. Kd4 Rc7 60. h5 Kg7 61. Rg8+ Kh6 62. Rg6+ Kxh5 63.
Kd5 Rb7 64. Kc5 Rc7+ 65. Kb6 Re7 66. Rg1 Kh6 67. Kc6 Kh7 68. b5 Re8 69. b6
Rb8 70. Kc7 Re8 71. b7 Re7+ 72. Bd7 Rxd7+ 73. Kxd7 Kh6 74. b8=Q Kh7 75. Qg8+
Kh6 76. Qg6# {Black checkmated} 1-0

[Event "ICC tourney 2021 (75 10)"]
[Site "Internet Chess Club"]
[Date "2020.09.26"]
[Round "3"]
[White "AdityaBang"]
[Black "mathewjiang"]
[Result "0-1"]
[ICCResult "White resigns"]
[WhiteElo "1360"]
[BlackElo "1633"]
[Opening "Scandinavian (center counter) defense"]
[ECO "B01"]
[NIC "SD.01"]
[Time "20:03:15"]
[TimeControl "4500+10"]

1. e4 d5 2. exd5 Qxd5 3. Nc3 Qa5 4. Nf3 Nf6 5. Be2 Bf5 6. d3 c6 7. Bd2 Qc7
8. Be3 e6 9. a3 Nbd7 10. Qd2 Be7 11. O-O-O O-O 12. Rdg1 b5 13. g4 Nxg4 14.
h4 h5 15. Nd4 a5 16. Bxg4 Bxg4 17. f3 Bf5 18. Nxf5 exf5 19. Bh6 g6 20. Bxf8
Bxf8 21. Kd1 b4 22. Ne2 bxa3 23. bxa3 Bxa3 24. Nf4 Kh7 25. Nxh5 Rb8 26. Ng3
Qe5 27. Ne2 Rb1+ 28. Nc1 Bxc1 29. Qxc1 Rxc1+ 30. Kxc1 Qe3+ 31. Kb2 Qxf3 32.
h5 gxh5 33. Rh2 Ne5 34. Rg5 Kh6 35. Rg1 Ng4 36. Rh4 Kg5 37. Rgh1 Nf2 38.
R1h2 Nd1+ 39. Ka3 Ne3 40. R2h3 Qe2 {White resigns} 0-1

[Event "ICC tourney 2021 (75 10)"]
[Site "Internet Chess Club"]
[Date "2020.09.26"]
[Round "3"]
[White "Liopleuradon15"]
[Black "wulovechess"]
[Result "0-1"]
[ICCResult "White resigns"]
[WhiteElo "1491"]
[BlackElo "1424"]
[Opening "QGD: Ragozin variation"]
[ECO "D38"]
[NIC "NI.27"]
[Time "20:03:43"]
[TimeControl "4500+10"]

1. Nf3 Nf6 2. d4 d5 3. c4 e6 4. Nc3 Bb4 5. Bg5 Nbd7 6. a3 Bd6 7. cxd5 exd5
8. Nxd5 O-O 9. Nxf6+ Nxf6 10. e3 h6 11. Bh4 Bf5 12. Bc4 b5 13. Bxb5 Rb8 14.
Qe2 c6 15. Bxf6 Qa5+ 16. Nd2 Rxb5 17. Bh4 Rxb2 18. Rd1 Qxa3 19. O-O Bd3 20.
Qg4 Bxf1 21. Bf6 g6 22. Qh4 h5 23. Qg5 Kh7 24. Ne4 Be2 25. Nxd6 Qxd6 26. Be5
Qe6 27. Bf4 Bxd1 28. Qh6+ Kg8 29. Be5 Qxe5 30. dxe5 Bb3 31. h3 Rd8 32. Qf4
Rd1+ 33. Kh2 Rdd2 34. Qf6 Rxf2 35. Qd8+ Kh7 36. e4 Rxg2+ 37. Kh1 Rh2+ 38.
Kg1 Rbg2+ 39. Kf1 Bc4+ 40. Qd3 Bxd3+ 41. Ke1 Rc2 42. e6 fxe6 43. e5 a6 44.
h4 a5 45. Kd1 a4 46. Ke1 a3 47. Kd1 a2 {White resigns} 0-1

[Event "ICC tourney 2021 (75 10)"]
[Site "Internet Chess Club"]
[Date "2020.09.26"]
[Round "3"]
[White "GiganticCell"]
[Black "shrey16ultimate"]
[Result "0-1"]
[ICCResult "White checkmated"]
[WhiteElo "1299"]
[BlackElo "1613"]
[Opening "Caro-Kann: classical, 6.h4"]
[ECO "B18"]
[NIC "CK.11"]
[Time "20:03:18"]
[TimeControl "4500+10"]

1. e4 c6 2. d4 d5 3. Nc3 dxe4 4. Nxe4 Bf5 5. Ng3 Bg6 6. h4 h6 7. h5 Bh7 8.
Nf3 Nd7 9. Bf4 e6 10. Bd3 Bxd3 11. Qxd3 Qa5+ 12. Bd2 Bb4 13. c3 Be7 14. b4
Qc7 15. c4 Ngf6 16. b5 cxb5 17. cxb5 Rd8 18. Rc1 Qb8 19. Ne2 e5 20. dxe5
Nxe5 21. Qe3 Nd3+ 22. Kf1 Nxc1 23. Bxc1 Qc7 24. Bb2 O-O 25. Be5 Rd1+ 26. Ne1
Qa5 27. Bc3 Bb4 28. g3 Nd5 29. Qe4 Nxc3 30. Nxc3 Bxc3 31. Kg2 Rxe1 32. Rxe1
Bxe1 33. Qxb7 Qxa2 34. Qf3 Qxf2+ 35. Qxf2 Bxf2 36. Kxf2 Rb8 37. Ke3 Rxb5 38.
Kd3 a5 39. Kc4 Rb8 40. Kc5 a4 41. Kc6 a3 42. Kc7 Rb1 43. Kc6 a2 44. Kc5 a1=Q
45. Kd6 Qd4+ 46. Kc6 Rb6+ 47. Kc7 Qd6+ 48. Kc8 Rb8# {White checkmated} 0-1

[Event "ICC tourney 2021 (75 10)"]
[Site "Internet Chess Club"]
[Date "2020.09.26"]
[Round "3"]
[White "siddharthr"]
[Black "kgeisenman32"]
[Result "1-0"]
[ICCResult "Black resigns"]
[WhiteElo "1709"]
[BlackElo "1402"]
[Opening "QGD semi-Slav: 5.e3"]
[ECO "D45"]
[NIC "SL.08"]
[Time "20:03:15"]
[TimeControl "4500+10"]

1. d4 d5 2. c4 c6 3. Nc3 Nf6 4. e3 e6 5. Nf3 Bd6 6. Qc2 Nbd7 7. Be2 O-O 8.
b3 b6 9. O-O Bb7 10. Bb2 c5 11. dxc5 Nxc5 12. cxd5 Nxd5 13. Nxd5 Bxd5 14.
Qc3 f6 15. Nd4 Qe7 16. Bc4 Bxc4 17. Qxc4 Rfe8 18. Nf5 Qc7 19. Nxd6 Qxd6 20.
Rfd1 Qe7 21. Ba3 Rac8 22. Qb5 Red8 23. h3 Qc7 24. Bxc5 Rxd1+ 25. Rxd1 Qxc5
26. Qxc5 Rxc5 27. Rd8+ Kf7 28. Rd7+ Kg6 29. Rxa7 Rc1+ 30. Kh2 Rc2 31. Kg3 e5
32. Ra6 Rb2 33. Rxb6 Rxa2 34. b4 Rb2 35. b5 h6 36. Rb8 Kf5 37. b6 g5 38. b7
h5 39. f3 h4+ 40. Kh2 Rb3 41. e4+ Kf4 42. Rf8 Rxb7 43. Rxf6+ Ke3 44. Rf5 Rg7
45. Rxe5 Kd4 46. Rf5 Ke3 47. g3 Kf2 48. g4 Rd7 49. f4 gxf4 50. Rxf4+ Ke3 51.
Rf5 Kxe4 52. Rf2 Rg7 53. Kg2 Ke3 54. Rf3+ Ke4 55. Kf2 Rg6 56. Re3+ Kd5 57.
Ke2 Rg7 58. Rf3 Ke5 59. Rf5+ Ke4 60. Rh5 Kf4 61. Rxh4 Kg3 62. Rh8 Rf7 63. g5
Rf5 64. h4 Kg4 65. g6 Re5+ 66. Kd3 Re7 67. h5 Rg7 68. Rh7 Rg8 69. g7 Kg5 70.
h6 Kg6 71. Rh8 Kf7 72. Rxg8 Kxg8 73. Ke4 Kh7 74. Ke5 Kg8 75. Ke6 Kh7 76. Kf7
Kxh6 77. g8=Q {Black resigns} 1-0

[Event "ICC tourney 2021 (75 10)"]
[Site "Internet Chess Club"]
[Date "2020.09.26"]
[Round "3"]
[White "aakashjr"]
[Black "Electryon"]
[Result "1-0"]
[ICCResult "Black resigns"]
[WhiteElo "1482"]
[BlackElo "1399"]
[Opening "Scandinavian (center counter) defense"]
[ECO "B01"]
[NIC "SD.02"]
[Time "20:03:15"]
[TimeControl "4500+10"]

1. e4 d5 2. exd5 Qxd5 3. Nc3 Qd8 4. Bc4 c6 5. Nf3 Bf5 6. O-O e6 7. d4 Nf6 8.
Re1 Be7 9. Bf4 O-O 10. Qd2 Nbd7 11. Nh4 Bg4 12. h3 Bh5 13. g3 Nd5 14. Ng2
Nxf4 15. Nxf4 Bf3 16. Qe3 Bd5 17. Bxd5 cxd5 18. Nfxd5 Bg5 19. Nf4 Bxf4 20.
Qxf4 Nf6 21. Rad1 Nd5 22. Nxd5 Qxd5 23. b3 b5 24. Re5 Qc6 25. Qd2 Rfd8 26.
Rc5 Qd7 27. d5 Rac8 28. dxe6 Qxd2 29. Rxd2 fxe6 30. Rxd8+ Rxd8 31. Rxb5 Rd2
32. Rb7 a6 33. Rb6 a5 34. Ra6 Rd5 35. Rxe6 {Black resigns} 1-0

[Event "ICC tourney 2021 (75 10)"]
[Site "Internet Chess Club"]
[Date "2020.09.26"]
[Round "3"]
[White "Ethan-Wood"]
[Black "RachanaB"]
[Result "1/2-1/2"]
[ICCResult "Game drawn by repetition"]
[WhiteElo "1397"]
[BlackElo "1557"]
[Opening "Caro-Kann: anti-anti-Caro-Kann defense"]
[ECO "B10"]
[NIC "CK.01"]
[Time "20:03:18"]
[TimeControl "4500+10"]

1. e4 c6 2. c4 d5 3. cxd5 cxd5 4. exd5 Qxd5 5. Nc3 Qd8 6. d4 Nf6 7. Nf3 b6
8. Bc4 Bb7 9. O-O e6 10. Re1 Be7 11. Bf4 Nbd7 12. Rc1 O-O 13. d5 exd5 14.
Nxd5 Nxd5 15. Bxd5 Bxd5 16. Qxd5 Bc5 17. Bd6 Bxd6 18. Qxd6 Nc5 19. Qg3 Qf6
20. Re2 Nd3 21. Rcc2 Rfc8 22. Rxc8+ Rxc8 23. Qc7 Qd8 24. Qxd8+ Rxd8 25. Rd2
Rd7 26. Kf1 Nc5 27. Rxd7 Nxd7 28. Nd4 Ne5 29. Ke2 Kf8 30. Nb5 Nc6 31. Ke3
Ke7 32. Nd4 Nxd4 33. Kxd4 Kd6 34. b4 f5 35. f4 g6 36. g3 a6 37. a4 h6 38. h3
g5 39. h4 gxh4 40. gxh4 h5 41. b5 axb5 42. axb5 Ke6 43. Kc4 Kd6 44. Kd4 Ke6
45. Kc4 Kd6 46. Kd4 Ke6 47. Kc4 Kd6 48. Kd4 {Game drawn by repetition}
1/2-1/2

[Event "ICC tourney 2021 (75 10)"]
[Site "Internet Chess Club"]
[Date "2020.09.26"]
[Round "3"]
[White "messyblaster"]
[Black "chess278"]
[Result "1-0"]
[ICCResult "Black resigns"]
[WhiteElo "1588"]
[BlackElo "1509"]
[Opening "Queen's pawn game"]
[ECO "E10"]
[NIC "QI.01"]
[Time "20:03:23"]
[TimeControl "4500+10"]

1. d4 Nf6 2. c4 e6 3. Nf3 Be7 4. Nc3 d5 5. cxd5 exd5 6. Bf4 c6 7. e3 O-O 8.
Be2 Bf5 9. O-O Nbd7 10. Qb3 b6 11. Ba6 Nh5 12. Bb7 Nxf4 13. exf4 Bd3 14.
Nxd5 Rb8 15. Rfe1 cxd5 16. Bxd5 Nf6 17. Bxf7+ Rxf7 18. Qxd3 Bd6 19. Ng5 Rd7
20. Qb3+ Kh8 21. Nf7+ Rxf7 22. Qxf7 Bxf4 23. Re7 Bh6 24. Rae1 a5 25. d5 Rc8
26. d6 {Black resigns} 1-0

[Event "ICC tourney 2021 (75 10)"]
[Site "Internet Chess Club"]
[Date "2020.09.26"]
[Round "3"]
[White "VirginiaGuy"]
[Black "TyTy2000"]
[Result "0-1"]
[ICCResult "White resigns"]
[WhiteElo "1517"]
[BlackElo "1428"]
[Opening "Queen's pawn game, Rubinstein (Colle-Zukertort) variation"]
[ECO "A40"]
[NIC "QO.17"]
[Time "20:03:14"]
[TimeControl "4500+10"]

1. d4 e6 2. Nf3 Nf6 3. e3 c5 4. Bd3 d5 5. b3 Nc6 6. a3 cxd4 7. exd4 Qb6 8.
Bb2 Bd6 9. O-O Bd7 10. Nbd2 O-O 11. c4 Qd8 12. Ne5 Rc8 13. f4 Ne7 14. Rf3
Ng6 15. Qf1 Nh5 16. g4 Nhxf4 17. Rxf4 Nxf4 18. Qxf4 f6 19. Qg3 fxe5 20. dxe5
Bc5+ 21. Kh1 dxc4 22. bxc4 Bc6+ 23. Ne4 Bd4 24. Bxd4 Qxd4 25. Re1 Rcd8 26.
Bb1 Qxc4 {White resigns} 0-1

[Event "ICC tourney 2021 (75 10)"]
[Site "Internet Chess Club"]
[Date "2020.09.26"]
[Round "3"]
[White "MehPlayer"]
[Black "Cougar2020"]
[Result "0-1"]
[ICCResult "White resigns"]
[WhiteElo "1558"]
[BlackElo "1218"]
[Opening "Queen's bishop game"]
[ECO "D00"]
[NIC "QP.08"]
[Time "20:03:29"]
[TimeControl "4500+10"]

1. d4 d5 2. Bf4 Nf6 3. Nf3 e6 4. e3 a6 5. c4 c6 6. Nc3 Be7 7. c5 O-O 8. Na4
Nbd7 9. Bd3 h6 10. O-O b5 11. Nc3 Bb7 12. h3 Re8 13. Qc2 Nh5 14. Bh2 Nhf6
15. b4 Nf8 16. a4 N6h7 17. axb5 axb5 18. Ne5 Nf6 19. Qb2 N8d7 20. Nf3 Nf8
21. Rxa8 Qxa8 22. Ra1 Qc8 23. Ra7 N6h7 24. Nd2 Qd7 25. Qa2 Bf6 26. Nb3 Re7
27. Na5 Qc8 28. Bd6 Rd7 29. Nxb7 Rxb7 30. Ra8 Qd7 31. Qc2 g6 32. Ne2 Ra7 33.
Rb8 Rb7 34. Rxb7 Qxb7 35. e4 dxe4 36. Bxe4 Ng5 37. Bd3 Nd7 38. f4 Nh7 39.
Qc3 Bg7 40. Ng3 Nhf6 41. Qb2 Ne8 42. Ne4 f5 43. Nf2 Nxd6 44. cxd6 Qb8 45.
Qb3 Qxd6 46. g3 Bxd4 47. Kg2 Bxf2 48. Kxf2 Kf7 49. Be2 Qd4+ 50. Kf1 Qd5 51.
Qe3 Qh1+ 52. Kf2 Qh2+ 53. Kf3 Qxh3 54. Qg1 e5 55. Bf1 Qg4+ 56. Kf2 exf4 57.
Be2 fxg3+ 58. Ke1 Qxb4+ 59. Kd1 Qb1+ {White resigns} 0-1

[Event "ICC tourney 2021 (75 10)"]
[Site "Internet Chess Club"]
[Date "2020.09.26"]
[Round "3"]
[White "wildrumpus"]
[Black "keshavarzip"]
[Result "1/2-1/2"]
[ICCResult "Game drawn by repetition"]
[WhiteElo "1443"]
[BlackElo "1441"]
[Opening "Queen's pawn: stonewall attack"]
[ECO "D00"]
[NIC "QP.08"]
[Time "20:03:22"]
[TimeControl "4500+10"]

1. d4 d5 2. e3 Nf6 3. Bd3 e6 4. Nd2 Bd6 5. f4 c5 6. c3 cxd4 7. cxd4 O-O 8.
Ngf3 Nbd7 9. O-O b6 10. Ne5 Bb7 11. Qf3 Rc8 12. g4 Ne8 13. g5 f5 14. gxf6
Rxf6 15. Ng4 Rf7 16. Qh3 Nef6 17. Nxf6+ Nxf6 18. Qxe6 Rc7 19. Qh3 Rce7 20.
Nf3 Bc8 21. Qh4 h6 22. Rf2 Ne4 23. Rg2 Rf6 24. Ne5 Bxe5 25. fxe5 Rfe6 26. b3
Qe8 27. Ba3 Rf7 28. Bxe4 dxe4 29. Kh1 g5 30. Bd6 Bb7 31. Qh5 Rf1+ 32. Rxf1
Qxh5 33. Rf8+ Kg7 34. Rgf2 Qd1+ 35. Kg2 Qg4+ 36. Kf1 Qd1+ 37. Kg2 Qg4+ 38.
Kf1 Qd1+ 39. Kg2 {Game drawn by repetition} 1/2-1/2

[Event "ICC tourney 2021 (75 10)"]
[Site "Internet Chess Club"]
[Date "2020.09.26"]
[Round "3"]
[White "beibeiolivia"]
[Black "bbrockva"]
[Result "1-0"]
[ICCResult "Black forfeits on time"]
[WhiteElo "1326"]
[BlackElo "1472"]
[Opening "Sicilian: Alapin's variation (2.c3)"]
[ECO "B22"]
[NIC "SI.47"]
[Time "20:03:17"]
[TimeControl "4500+10"]

1. e4 c5 2. c3 Nf6 3. e5 Nd5 4. d4 cxd4 5. cxd4 Nc6 6. Nf3 d6 7. Nc3 dxe5 8.
Nxe5 Nxc3 9. Nxc6 Nxd1 10. Nxd8 Kxd8 11. Kxd1 Bd7 12. Be3 g6 13. Rc1 Bg7 14.
Bc4 Rf8 15. Kd2 a6 16. Rc2 f5 17. f3 f4 18. Bf2 Rc8 19. Bd3 Rxc2+ 20. Bxc2
Rf6 21. Be4 Bc6 22. Re1 Bxe4 23. fxe4 Rc6 24. Rc1 Rb6 25. b3 e6 26. Kd3 Kd7
27. g3 Bh6 28. Rc3 g5 29. Ke2 Rc6 30. Rc4 b5 31. Rxc6 Kxc6 32. b4 fxg3 33.
hxg3 Bf8 34. a3 h6 35. Kf3 Kd6 36. Kg4 Ke7 37. Kf3 Kd6 38. g4 Bg7 39. Ke2
Kc6 40. Kd3 Bf8 41. Bg3 Bg7 42. Bf2 Bf6 43. Kc2 Bg7 44. Kb3 Bf8 45. a4 Bg7
46. a5 Bf8 47. Kc3 Bg7 48. Bg3 Kd7 49. Be5 Bf8 50. Kb3 Kc6 51. Kc3 Kd7 52.
Bf6 Kc6 53. Bd8 Kd6 54. Bb6 Kc6 55. Bc5 Bg7 56. Kd3 Kd7 57. e5 Kc6 58. Ke4
Kd7 59. d5 exd5+ 60. Kxd5 Ke8 61. Ke6 Bh8 62. Kf5 Kf7 63. e6+ Ke8 64. Kg6
{Black forfeits on time}
1-0

[Event "ICC tourney 2021 (75 10)"]
[Site "Internet Chess Club"]
[Date "2020.09.26"]
[Round "3"]
[White "WizardY"]
[Black "cayo89"]
[Result "1-0"]
[ICCResult "Black resigns"]
[WhiteElo "1214"]
[BlackElo "1473"]
[Opening "Pirc defense"]
[ECO "B07"]
[NIC "PU.08"]
[Time "20:04:05"]
[TimeControl "4500+10"]

1. e4 d6 2. d4 Nf6 3. Nc3 e5 4. dxe5 dxe5 5. Qxd8+ Kxd8 6. Bc4 Be6 7. Bxe6
fxe6 8. Nf3 Bd6 9. O-O Nbd7 10. h3 a6 11. Be3 b5 12. a3 Ke7 13. Rad1 Rhb8
14. Rd3 a5 15. Nd2 Ra6 16. Ne2 c5 17. b3 c4 18. bxc4 bxc4 19. Nxc4 Nxe4 20.
f3 Nec5 21. Bg5+ Nf6 22. Re3 h6 23. Bh4 g5 24. Nxd6 Rxd6 25. Bg3 Rd2 26.
Rxe5 Rc8 27. Be1 Rxc2 28. Bxa5 Kd6 29. Re3 Nd5 30. Rd1 Kc6 31. Nd4+
{Black resigns}
1-0

[Event "ICC tourney 2021 (75 10)"]
[Site "Internet Chess Club"]
[Date "2020.09.26"]
[Round "3"]
[White "erickh32"]
[Black "handsomematch"]
[Result "0-1"]
[ICCResult "White resigns"]
[WhiteElo "1350"]
[BlackElo "1220"]
[Opening "Ruy Lopez: 5.O-O"]
[ECO "C78"]
[NIC "RL.12"]
[Time "20:03:19"]
[TimeControl "4500+10"]

1. e4 e5 2. Nf3 Nc6 3. Bb5 a6 4. Ba4 Nf6 5. O-O b5 6. Bb3 Bc5 7. Qe2 d6 8.
c3 Bg4 9. d3 O-O 10. Rd1 Qd7 11. Be3 Bxe3 12. fxe3 Rad8 13. Nbd2 Qe7 14. Nf1
d5 15. Bc2 d4 16. h3 Bh5 17. g4 Bg6 18. exd4 exd4 19. cxd4 Nxd4 20. Nxd4
Rxd4 21. Ne3 Rfd8 22. Nf5 Bxf5 23. gxf5 Nd5 24. Rac1 Qg5+ 25. Kh1 Nf4 26.
Qg4 Qxg4 27. hxg4 Nxd3 28. Bxd3 Rxd3 29. Rxd3 Rxd3 30. Rxc7 Rd1+ 31. Kg2
Rd2+ 32. Kf3 Kf8 33. Ra7 Rxb2 34. Rxa6 Ke7 35. Ke3 Rg2 36. Kf3 Rc2 37. Ke3
Rc3+ 38. Kd4 Rg3 39. Rb6 Rg2 40. Ke5 Rxa2 41. Rb7+ Kf8 42. Rxb5 Rg2 43. f6
gxf6+ 44. Kxf6 Rf2+ 45. Rf5 Rxf5+ 46. exf5 h6 47. Ke5 Kg7 48. Kf4 Kf6 49.
Ke4 Kg5 50. Kf3 Kf6 51. Kf4 Ke7 52. g5 hxg5+ 53. Kxg5 Kf8 54. Kf6 Kg8 55.
Ke7 Kg7 56. f6+ Kg6 57. Kd6 Kxf6 58. Kd5 Kf5 59. Kd4 Kf4 60. Kd3 Kf3 61. Kd2
f5 62. Ke1 Ke3 63. Kf1 f4 64. Ke1 f3 65. Kf1 f2 {White resigns} 0-1

[Event "ICC tourney 2021 (75 10)"]
[Site "Internet Chess Club"]
[Date "2020.09.27"]
[Round "4"]
[White "WizardY"]
[Black "siddharthr"]
[Result "1-0"]
[ICCResult "Black checkmated"]
[WhiteElo "1193"]
[BlackElo "1489"]
[Opening "Sicilian: Pelikan (Lasker/Sveshnikov) variation"]
[ECO "B33"]
[NIC "SI.35"]
[Time "13:02:14"]
[TimeControl "4500+10"]

1. e4 c5 2. Nf3 Nc6 3. d4 cxd4 4. Nxd4 Nf6 5. Nc3 e5 6. Ndb5 d6 7. Nd5 Nxd5
8. exd5 Ne7 9. c4 a6 10. Qa4 axb5 11. Qxa8 bxc4 12. Bxc4 Qb6 13. Qa4+ Bd7
14. Qb3 Qd4 15. Be3 Qe4 16. f3 Qg6 17. O-O Nf5 18. Bf2 h5 19. Qxb7 h4 20.
Bb5 Bxb5 21. Bb6 f6 22. Qc8+ Ke7 23. Qe6# {Black checkmated} 1-0

[Event "ICC tourney 2021 (75 10)"]
[Site "Internet Chess Club"]
[Date "2020.09.27"]
[Round "4"]
[White "mathewjiang"]
[Black "beibeiolivia"]
[Result "1-0"]
[ICCResult "Black checkmated"]
[WhiteElo "1682"]
[BlackElo "1261"]
[Opening "Queen's pawn game, Chigorin variation"]
[ECO "D02"]
[NIC "QP.08"]
[Time "13:02:09"]
[TimeControl "4500+10"]

1. d4 d5 2. Nf3 Nc6 3. c4 e6 4. e3 Nf6 5. Be2 Be7 6. O-O O-O 7. Nc3 Re8 8.
b3 Bf8 9. Bb2 Ne7 10. Qc2 Ng6 11. Rfd1 c6 12. Rac1 Bd7 13. Bd3 Bd6 14. c5
Bc7 15. b4 Rb8 16. a4 a6 17. b5 axb5 18. axb5 Ra8 19. b6 Bb8 20. Ra1 Rxa1
21. Rxa1 Qe7 22. Ra8 Bxh2+ 23. Kxh2 Rxa8 24. e4 Ng4+ 25. Kg1 Nh4 26. Qe2
Nxf3+ 27. Qxf3 Qg5 28. Qg3 Qd2 29. Na4 dxe4 30. Qxg4 Qxd3 31. d5 Qb1+ 32.
Kh2 g6 33. Qf4 Rxa4 34. Qb8+ Bc8 35. Qxc8# {Black checkmated} 1-0

[Event "ICC tourney 2021 (75 10)"]
[Site "Internet Chess Club"]
[Date "2020.09.27"]
[Round "4"]
[White "AdityaBang"]
[Black "RachanaB"]
[Result "1-0"]
[ICCResult "Black checkmated"]
[WhiteElo "1391"]
[BlackElo "1578"]
[Opening "two knights: Max Lange attack, Steinitz variation"]
[ECO "C50"]
[NIC "IG.02"]
[Time "13:02:13"]
[TimeControl "4500+10"]

1. e4 e5 2. Nf3 Nc6 3. Bc4 Bc5 4. O-O Nf6 5. d4 exd4 6. e5 Ng4 7. Bxf7+ Kxf7
8. Ng5+ Kg8 9. Qxg4 Nxe5 10. Qe4 d6 11. Qd5+ Kf8 12. f4 Qf6 13. Ne4 Qe6 14.
fxe5+ Ke8 15. Qxe6+ Bxe6 16. Ng5 Bc4 17. Re1 dxe5 18. Rxe5+ Be7 19. Na3 Ba6
20. Bf4 Kd7 21. Rae1 Bf6 22. R5e4 c5 23. Ne6 b6 24. Nc7 Bb7 25. Re6 Raf8 26.
Rd6+ Kxc7 27. Rxf6+ Kc8 28. Rxf8+ Rxf8 29. Bd6 Rd8 30. Bg3 Rd7 31. Nb5 Bc6
32. Nd6+ Kd8 33. Re8+ Kc7 34. Rc8# {Black checkmated} 1-0

[Event "ICC tourney 2021 (75 10)"]
[Site "Internet Chess Club"]
[Date "2020.09.27"]
[Round "4"]
[White "joeandjoe28"]
[Black "wildrumpus"]
[Result "0-1"]
[ICCResult "White checkmated"]
[WhiteElo "1375"]
[BlackElo "1457"]
[Opening "Caro-Kann: advance variation"]
[ECO "B12"]
[NIC "CK.04"]
[Time "13:03:05"]
[TimeControl "4500+10"]

1. e4 c6 2. d4 d5 3. e5 Bf5 4. Nf3 e6 5. Be2 c5 6. c3 Nc6 7. O-O Qb6 8. Re1
Nge7 9. b3 Bg6 10. Ba3 cxd4 11. cxd4 Nf5 12. Bb2 Bb4 13. Rf1 O-O 14. Bd3
Nfxd4 15. Bxd4 Nxd4 16. Nxd4 Qxd4 17. Bxg6 Qxa1 18. Bc2 Qxe5 19. a3 Bd6 20.
g3 h5 21. Re1 Qg5 22. a4 h4 23. Kg2 Rae8 24. Nc3 Bb4 25. Re3 Bxc3 26. Rxc3
Rc8 27. Re3 hxg3 28. Rxg3 Qe5 29. h4 Rc3 30. f3 Rfc8 31. Bb1 Rc1 32. Qd3
Qb2+ 33. Kh3 Rh1+ 34. Kg4 Qxb1 35. Qe3 Qf5# {White checkmated} 0-1